 Dungeon Crawl Stone Soup version 0.30-a0-556-g0a0f5a245f (webtiles) character file.

Game seed: 4199209222236711147

57 Bnni the Vexing (level 4, -3/33 HPs)
             Began as a Formicid Hexslinger on Dec 27, 2022.
             Slain by Natasha (6 damage)
             ... on level 3 of the Dungeon.
             The game lasted 00:02:35 (1909 turns).

Bnni the Vexing (Formicid Hexslinger)               Turns: 1909, Time: 00:02:35

Health: -3/33      AC:  3    Str: 14    XL:     4   Next: 18%
Magic:  5/6        EV: 12    Int: 15    God:
Gold:   100        SH:  0    Dex: 14    Spells: 2/6 levels left

rFire   . . .      SeeInvis +    a - +1 sling
rCold   . . .      Faith    .    (no shield)
rNeg    + . .      Spirit   .    c - +0 robe
rPois   .          Reflect  .    (helmet unavailable)
rElec   .          Harm     .    (no cloak)
rCorr   .          Rampage  .    (no gloves)
Will    .....                    i - +0 pair of boots
Stlth   +                        (no amulet)
HPRegen 0.25/turn                d - ring of positive energy
MPRegen 0.10/turn                r - ring of wizardry

@: no status effects
A: permanent stasis, dig shafts and tunnels, antennae 3, four strong arms
a: Dig, Shaft Self


You were on level 3 of the Dungeon.
You visited 1 branch of the dungeon, and saw 3 of its levels.

You collected 100 gold pieces.

Inventory:

Hand Weapons
 a - a +1 sling (weapon)
Missiles
 o - a throwing net
Armour
 c - a +0 robe (worn)
 i - a +0 pair of boots (worn)
 s - a +0 buckler
Jewellery
 d - a ring of positive energy (left hand)
 m - a ring of fire
 r - a ring of wizardry (right hand)
Wands
 n - a wand of digging (9)
 q - a wand of mindburst (11)
Scrolls
 b - a scroll of poison
 f - 2 scrolls of blinking {unknown}
 g - 2 scrolls of immolation {unknown}
 h - 4 scrolls of identify {unknown}
 k - a scroll of noise {unknown}
 l - 2 scrolls of fog {unknown}
 p - a scroll of brand weapon {unknown}
Potions
 e - 2 potions of degeneration {unknown}
 j - a potion of haste {unknown}


   Skills:
 + Level 1.6 Fighting
 * Level 2.8 Ranged Weapons
 - Level 1.7 Dodging
 + Level 1.6 Spellcasting
 * Level 4.3 Hexes
 + Level 0.9 Fire Magic


You had 2 spell levels left.
You knew the following spells:

 Your Spells              Type           Power      Damage    Failure   Level
a - Slow                  Hex            56%        N/A       1%          1
b - Inner Flame           Hex/Fire       9%         N/A       10%         3

Your spell library contained the following spells:

 Spells                   Type           Power      Damage    Failure   Level
 Magic Dart               Conj           4%         1d3       9%          1
 Searing Ray              Conj           2%         2d4       14%         2
 Portal Projectile        Hex/Tloc       14%        N/A       12%         3
 Summon Guardian Golem    Hex/Summ       7%         N/A       12%         3
 Cause Fear               Hex            7%         N/A       16%         4
 Fulminant Prism          Conj/Hex       3%         3d5       34%         4
 Orb of Destruction       Conj           0%         9d5       100%        7
 Spellforged Servitor     Conj/Summ      0%         N/A       100%        7


Dungeon Overview and Level Annotations

Branches:
Dungeon (3/15)

Altars:
Ru

Annotations:
D:3 Natasha


Innate Abilities, Weirdness & Mutations

You cannot be hasted, slowed, berserked, paralysed or teleported.
You can dig through walls and to a lower floor.
You have a pair of large antennae on your head. (SInv)
Your four strong arms can wield two-handed weapons with a shield.


Message History

Press: ? - help, Shift-Dir - straight line, f/p - Natasha
Aim: Natasha, carrying a wand of quicksilver (5) (chance to affect: 48%) Natasha resists with some effort.
Casting: Slow (safe; 1% risk of failure)
Confirm with . or Enter, or press ? or * to list all spells.
Aiming: Slow (safe; 1% risk of failure)
Press: ? - help, Shift-Dir - straight line, f/p - Natasha
Aim: Natasha, carrying a wand of quicksilver (5) (chance to affect: 48%) Natasha seems to slow down.
Natasha growls.
Press: ? - help, v - describe, . - travel
Here: Natasha, carrying a wand of quicksilver (5) (slow)
The floor.
You shoot a sling bullet.
The sling bullet hits Natasha but does no damage.
You shoot a sling bullet. The sling bullet hits Natasha.
Natasha is lightly wounded.
Natasha closely misses you.
You shoot a sling bullet.
The sling bullet closely misses Natasha.
Natasha claws you.
You shoot a sling bullet. The sling bullet hits Natasha.
Natasha is heavily wounded.
Natasha stares at you and mumbles some strange words.
The magic dart hits you.
You shoot a sling bullet. The sling bullet hits Natasha.
Natasha is severely wounded.
Natasha mumbles some strange words.
You shoot a sling bullet.
The sling bullet closely misses Natasha.
Natasha zaps a wand.
The bolt of dispelling energy hits you!
* * * LOW HITPOINT WARNING * * *
You are too injured to fight recklessly!
You shoot a sling bullet. The sling bullet barely misses Natasha.
Natasha claws you but does no damage.
You shoot a sling bullet. The sling bullet misses Natasha.
The shadow imp hits you.
* * * LOW HITPOINT WARNING * * *
Natasha claws you.
You die...

.########.......#
........#####.### ####
..#####.# #.######## #<..##
..#####># #........##.....#
.....##.#####..#####.....)...
..##.##........##............
.......#.#####.##.##....{{w..
#.......## #.##w##.#.......
####.#### #..@h...#.#.....
#...# #....5..##.. .h.. #...#
#)###.#.# ### #.. #...# #.
#.#.# # #...# #. ..#.#
###...#######. #.>#.#
...........##....#..#
..........[.....# #..
...........##.


You could see a worm, Natasha (slow) and a shadow imp (summoned).

Vanquished Creatures
  2 adders
  5 ball pythons
  3 endoplasms
  2 giant cockroaches
  4 hobgoblins
  4 kobolds
  2 quokkas
  9 bats
  2 goblins (D:2)
  5 rats
38 creatures vanquished.

Notes
Turn   | Place    | Note
-------+----------+-------------------------------------------
     0 | D:1      | Bnni the Formicid Hexslinger began the quest for the Orb.
     0 | D:1      | Reached XP level 1. HP: 15/15 MP: 2/2
   342 | D:1      | Reached XP level 2. HP: 21/21 MP: 3/3
   818 | D:2      | Reached skill level 4 in Hexes
   900 | D:2      | Reached XP level 3. HP: 26/26 MP: 5/5
   904 | D:2      | Learned a level 3 spell: Inner Flame
  1557 | D:3      | Reached XP level 4. HP: 32/33 MP: 6/6
  1650 | D:3      | Found a sacrificial altar of Ru.
  1892 | D:3      | Noticed Natasha
  1909 | D:3      | Slain by Natasha

Illustrated notes

Levels and vault maps discovered:
D:1:      dpeg_arrival_rooms_b, layout_basic
D:2:      layout_basic
D:3:      layout_loops_cross, nicolae_ru_path_of_blood, uniq_natasha

Skill      XL: |  1  2 |
---------------+-------+-----
Hexes          | 4 |  4.3
Fighting       | |  1.6
Ranged Weapons | |  2.8
Dodging        | |  1.7
Spellcasting   | |  1.6
Fire Magic     | |  0.9

Action                   |  1- 3 |  4- 6 || total
-------------------------+-------+-------++-------
 Fire: Sling             |   102 |    33 ||   135
 Cast: Slow              |     3 |     2 ||     5
  Use: Potion            |     2 |       ||     2
Armor: Robe              |    14 |     4 ||    18
Dodge: Dodged            |    33 |     9 ||    42

Table legend: (Time is in decaauts)
 A = Elapsed time spent in this place.
 B = Non-inter-level travel time spent in this place.
 C = Inter-level travel time spent in this place.
 D = Time resting spent in this place.
 E = Time spent auto-exploring this place.
 F = Levels seen in this place.
 G = Mean time per level.
                   A        B        C        D        E       F      G
               +--------+--------+--------+--------+--------+-----+--------+
         Total |   1945 |   1839 |    106 |     86 |   1440 |   3 |  648.3 |
       Dungeon |   1945 |   1839 |    106 |     86 |   1440 |   3 |  648.3 |
               +--------+--------+--------+--------+--------+-----+--------+

Top non-repeatable levels by time:
     D:2: 795 daAuts
     D:1: 778 daAuts
     D:3: 372 daAuts
